 Dungeon Crawl Stone Soup version 0.27-a0-1272-g7c8ad2e407 (webtiles) character file.

Game seed: 1748655566135164607

4 Glokmah the Skirmisher (level 1, -1/24 HPs)
             Began as an Ogre Fighter on June 11, 2021.
             Slain by an endoplasm (3 damage)
             ... on level 1 of the Dungeon.
             The game lasted 00:00:26 (41 turns).

Glokmah the Skirmisher (Ogre Fighter)                 Turns: 41, Time: 00:00:27

Health: -1/24      AC:  3    Str: 19    XL:     1   Next: 60%
Magic:  1/1        EV:  8    Int:  9    God:
Gold:   10         SH:  8    Dex:  8    Spells: 0/0 levels left

rFire    . . .     SeeInvis .   a - +0 flail
rCold    . . .     Faith    .   c - +0 kite shield
rNeg     . . .     Spirit   .   b - +0 robe
rPois    .         Reflect  .   (helmet restricted)
rElec    .         Harm     .   (no cloak)
rCorr    .         Rampage  .   (gloves unavailable)
Will     .....                  (boots unavailable)
Stlth    +.........             (no amulet)
HPRegen  0.08/turn              (no ring)
MPRegen  0.07/turn              (no ring)

@: no status effects
A: large, unfitting armour, tough skin 1
a: no special abilities


You were on level 1 of the Dungeon.
You visited 1 branch of the dungeon, and saw 1 of its levels.

You collected 10 gold pieces.

Inventory:

Hand Weapons
 a - a +0 flail (weapon)
Armour
 b - a +0 robe (worn)
 c - a +0 kite shield (worn)
Scrolls
 e - a scroll of identify {unknown}
Potions
 d - a potion of might


   Skills:
 + Level 4.1 Fighting
 * Level 1.8 Maces & Flails
 + Level 2.7 Dodging
 * Level 2.8 Shields


You couldn't memorise any spells.
You didn't know any spells.
Your spell library was empty.

Dungeon Overview and Level Annotations

Branches:
Dungeon (1/15)

Altars:

Shops:
D:1 =


Innate Abilities, Weirdness & Mutations

You are too large for most types of armour.
You have tough skin. (AC +1)


Message History

The giant cockroach is almost dead.
The giant cockroach bites you but does no damage.
The giant cockroach bites you.
You closely miss the giant cockroach.
The giant cockroach is almost dead.
The giant cockroach barely misses you. x2
You hit the giant cockroach.
You kill the giant cockroach!
The goblin hits you with a +0 dagger.
You hit the goblin but do no damage. The goblin hits you but does no damage.
The ball python bites you but does no damage.
You closely miss the ball python.
The ball python bites you but does no damage.
The goblin hits you with a +0 dagger. You block the ball python's attack.
You block the goblin's attack.
You closely miss the ball python. You block the ball python's attack.
The goblin hits you with a +0 dagger. The quokka barely misses you.
The ball python bites you but does no damage.
The goblin hits you but does no damage.
You hit the ball python.
You kill the ball python!
You block the quokka's attack. The quokka completely misses you.
The goblin barely misses you.
You hit the goblin.
You kill the goblin!
The quokka bites you.
The endoplasm jiggles.
The quokka bites you. The endoplasm freezes you.
You are frozen.
You miss the quokka. You block the quokka's attack. The endoplasm freezes you.
You are frozen.
* * * LOW HITPOINT WARNING * * *
The quokka bites you.
* * * LOW HITPOINT WARNING * * *
You hit the quokka.
The quokka is lightly wounded.
The endoplasm hits you.
You die...

...........# # ...
...........# ..
#..##########.........# ..#
#.8.≈≈≈≈≈≈≈≈##........#...#
#.≈≈≈.....≈≈#..........#
#.≈≈..≈≈≈..≈#....8....##
#.≈..≈≈≈≈≈..#......#.##
+.≈.≈≈...≈≈.##J8)∩.8.#
+.≈..≈<≈..≈.'.#@#>##.#
#.≈≈...≈≈.≈.'...r8# .#
#..≈≈≈≈≈..≈.#.....# #
#≈..≈≈≈..≈≈.#.........
#≈≈.....≈≈≈.#.....###..
##≈≈≈≈≈≈≈≈.8......#
##########.......#
...#.....# #.##.....#


You could see an endoplasm and a quokka.

Vanquished Creatures
  A giant cockroach (D:1)
  A goblin (D:1)
  A ball python (D:1)
  A frilled lizard (D:1)
4 creatures vanquished.

Notes
Turn   | Place    | Note
-------+----------+-------------------------------------------
     0 | D:1      | Glokmah the Ogre Fighter began the quest for the Orb.
     0 | D:1      | Reached XP level 1. HP: 24/24 MP: 1/1
     8 | D:1      | Found Mem Pehaukk's Jewellery Boutique.
    41 | D:1      | Slain by an endoplasm

Illustrated notes

Levels and vault maps discovered:
D:1:      psy_arrival_whirlpool, layout_rooms, serial_shops,
          nicolae_shop_statue_plus, minmay_misc_feat_nine_boxes,
          palyth_stone_intersect

Action                   || total
-------------------------++-------
Melee: Flail             ||    16
Armor: Robe              ||     8
Dodge: Dodged            ||     5
Block: Kite shield       ||     9

Table legend: (Time is in decaauts)
 A = Elapsed time spent in this place.
 B = Non-inter-level travel time spent in this place.
 C = Inter-level travel time spent in this place.
 D = Time resting spent in this place.
 E = Time spent auto-exploring this place.
 F = Levels seen in this place.
 G = Mean time per level.
                   A        B        C        D        E       F      G
               +--------+--------+--------+--------+--------+-----+--------+
         Total |     50 |     50 |      0 |      0 |      9 |   1 |   50.0 |
       Dungeon |     50 |     50 |      0 |      0 |      9 |   1 |   50.0 |
               +--------+--------+--------+--------+--------+-----+--------+

Top non-repeatable levels by time:
     D:1: 50 daAuts
